 Dungeon Crawl Stone Soup version 0.28-a0-1084-ga282ea246d (webtiles) character file.

Game seed: 611452449258829525

11470 ChaosChampion the Nimble (level 11, -17/121 HPs)
             Began as an Octopode Transmuter on Dec 10, 2021.
             Was a Priest of Jiyva.
             Hit by a javelin thrown by Urug (24 damage)
             ... on level 11 of the Dungeon.
             The game lasted 00:44:04 (16097 turns).

ChaosChampion the Nimble (Octopode Transmuter)     Turns: 16097, Time: 00:44:05

Health: -17/121    AC:  9    Str: 10    XL:     11   Next: 78%
Magic:  23/23      EV: 17    Int: 28    God:    Jiyva [***...]
Gold:   255        SH:  0    Dex: 12    Spells: 16/26 levels left

rFire   x . .      SeeInvis .     - Unarmed
rCold   + + +      Faith    +   (shield currently unavailable)
rNeg    . . .      Spirit   .   (helmet currently unavailable)
rPois   +          Reflect  .   d - amulet of faith
rElec   .          Harm     .   l - +4 ring of evasion
rCorr   +          Rampage  .   f - +6 ring of intelligence
Will    .....                   (no ring)
Stlth   +.........              (no ring)
HPRegen 1.42/turn               (no ring)
MPRegen 0.53/turn               (no ring)
                                (no ring)
                                (no ring)

@: ice-form, wereblooded (expiring)
A: freezing attack, boosted hp, almost no armour, amphibious, 8 rings, large,
(camouflage 1), (gelatinous body 1), (nimble swimmer 1), (tentacles), (tentacle
spike 1), clever 1, (cold resistance 3), robust 3, (acidic bite), (tendrils),
(jelly absorbing missiles), MP-powered wands
a: End Transformation, Renounce Religion, Oozemancy


You were on level 11 of the Dungeon.
You worshipped Jiyva.
Jiyva was most pleased with you.
You were a creature of crystalline ice.
You visited 2 branches of the dungeon, and saw 12 of its levels.
You also visited: Bailey.

You collected 255 gold pieces.

Inventory:

Hand Weapons
 h - the +11 halberd of Doom {spect, Drain rC+ Will++}
   (You took it off an efreet on level 9 of the Dungeon)

   When its wielder attacks, the weapon's spirit leaps out and strikes again.
   The spirit shares a part of any damage it takes with its wielder.
   rC:        It protects you from cold.
   Drain:     It drains your maximum health when unequipped.
   Will:      It greatly increases your willpower.
Jewellery
 d - an amulet of faith (around neck)
 f - a +6 ring of intelligence (right front paw)
 l - a +4 ring of evasion (left front paw)
Scrolls
 a - a scroll of teleportation
Potions
 c - 2 potions of brilliance
 g - a potion of magic
 j - a potion of resistance
 n - a potion of mutation {unknown}
 o - a potion of cancellation


   Skills:
 + Level 8.6 Fighting
 + Level 8.8 Dodging
 - Level 0.6 Stealth
 - Level 8.0 Unarmed Combat
 + Level 8.0 Spellcasting
 + Level 8.7 Transmutations


You had 16 spell levels left.
You knew the following spells:

 Your Spells              Type           Power      Damage    Failure   Level
a - Beastly Appendage     Tmut           100%       N/A       1%          1
b - Wereblood             Tmut           57%        N/A       1%          2
c - Spider Form           Tmut/Pois      35%        N/A       2%          3
d - Ice Form              Ice/Tmut       35%        N/A       9%          4

Your spell library contained the following spells:

 Spells                   Type           Power      Damage    Failure   Level
 Passwall                 Tmut/Erth      29%        N/A       1%          2
 Sandblast                Erth           22%        2d7       4%          1
 Dazzling Flash           Conj/Hex       22%        N/A       14%         3
 Stone Arrow              Conj/Erth      22%        3d8       14%         3
 Iskenderun's Mystic Bla  Conj/Tloc      11%        2d4       43%         4
 Fireball                 Conj/Fire      5%         3d5       80%         5
 Iskenderun's Battlesphe  Conj           11%        2d7       80%         5
 Summon Forest            Summ/Tloc      5%         N/A       80%         5
 Summon Mana Viper        Hex/Summ       11%        N/A       80%         5
 Conjure Ball Lightning   Conj/Air       5%         3x3d6     100%        6
 Starburst                Conj/Fire      5%         6d4       100%        6
 Summon Cactus Giant      Summ           5%         N/A       100%        6
 Orb of Destruction       Conj           5%         9d2       100%        7


Dungeon Overview and Level Annotations

Branches:
Dungeon (11/15)            Temple (1/1) D:5            Lair (0/6) D:10
 Bailey (visited)
    Orc: D:9-12

Altars:
Ashenzari
Cheibriados
Dithmenos
Elyvilon
Fedhas
Gozag
Hepliaklqana
Kikubaaqudgha
Makhleb
Nemelex Xobeh
Okawaru
Qazlal
Ru
Sif Muna
Trog
Uskayaw
Vehumet
Wu Jian
Xom
Yredelemnul
Zin
The Shining One
Jiyva

Shops:
D:1 (   D:10 *

Annotations:
D:9 3 runed translucent doors
D:11 Urug


Innate Abilities, Weirdness & Mutations

You are a creature of crystalline ice.
You have a powerful freezing melee attack.
Your maximum health is increased.
Your armour is entirely melded.
You are incapable of wielding weapons or throwing items.
You cannot wear most types of armour.
You are amphibious.
You can wear up to eight rings at the same time.
((Your skin changes colour to match your surroundings (Stealth+).))
((Your rubbery body absorbs attacks. (AC +1, EV +1)))
((You are camouflaged near water. (Stealth+)))
((You have tentacles for arms and can constrict up to eight enemies at once.))
((One of your tentacles bears a spike.))
Your mind is acute. (Int +2)
((Your flesh is almost immune to the effects of cold. (rC+++)))
You are extremely robust. (+30% HP)
((You have acidic saliva.))
((You are covered in slimy tendrils that may disarm your opponents.))
((You have a small jelly attached to you that may absorb projectiles.))
You expend magic power (3 MP) to strengthen your wands.


Message History

Urug is moderately wounded.
Urug misses you.
You punch Urug! You freeze Urug.
Urug is moderately wounded.
Urug hits you with a +5 war axe!!
Your magical contamination has completely faded away.
You barely miss Urug.
Urug is moderately wounded.
Urug closely misses you.
You punch Urug! You freeze Urug.
Urug is severely wounded.
Urug hits you with a +5 war axe!
You hit Urug but do no damage.
Urug is severely wounded.
You hit Urug but do no damage.
Urug is severely wounded.
Urug hits you with a +5 war axe!
You hit Urug but do no damage.
Urug is severely wounded.
Urug hits you with a +5 war axe!
You punch Urug! You freeze Urug.
Urug is almost dead.
Urug barely misses you.
You hit Urug but do no damage.
Urug is almost dead.
Urug hits you with a +5 war axe!!
* * * LOW HITPOINT WARNING * * *
You closely miss Urug.
Urug is almost dead.
Urug hits you with a +5 war axe!!
* * * LOW HITPOINT WARNING * * *
There is a stone staircase leading up here.
Urug throws a javelin.
The javelin closely misses you.
Your primal bloodlust is almost over.
Urug throws a javelin.
The javelin barely misses you.
Urug throws a javelin.
The javelin pierces through you!!
* * * LOW HITPOINT WARNING * * *
Urug throws a javelin.
The javelin misses you.
Urug throws a javelin.
The javelin pierces through you!!
You die...

###.#### #.# #[..# .#
###[### .# #..[# .
#########...# ...
............# #..#
##.....##..?#
....###.###.....##
......^.......Y...#
...............#..#
......#.........#.(.#
......#.........#...#
......#.........###..#
./..>.#.o.......# ..
................## . #
.................# .
#.####...........##


You could see Urug.

Vanquished Creatures
  A boulder beetle (D:9)
  3 two-headed ogres
  Pikel (D:7)
  A deep elf pyromancer (D:9)
  A cyclops (D:10)
  An ugly thing (D:9)
  A gargoyle (D:11)
  An efreet (D:9)
  A troll (D:10)
  3 wyverns (D:10)
  2 wraiths
  2 basilisks (D:10)
  7 yaks
  2 acid dragons
  5 water moccasins (D:10)
  Duvessa (D:7)
  An ice beast (D:7)
  2 orc warriors
  2 necrophages
  2 ogres
  A lemure (D:7)
  A kobold brigand (D:7)
  Blork the orc (D:6)
  A bullfrog (D:8)
  A scorpion (D:6)
  A wyvern zombie (D:7)
  Dowan (D:7)
  2 water moccasin skeletons (D:5)
  10 killer bees
  3 wights (D:8)
  A howler monkey (D:7)
  3 centaur zombies
  A hound (D:6)
  3 orc priests
  4 orc wizards
  2 iguanas
  A hound zombie (D:5)
  2 howler monkey zombies (D:5)
  Robin (D:4)
  4 gnolls
  5 adders
  A white imp (D:6)
  An ufetubus (D:4)
  A worm (D:2)
  6 orcs
  3 bats
  An endoplasm (D:1)
  3 giant cockroaches
  20 goblins
  9 hobgoblins
  7 jackals (D:2)
  3 quokkas
  7 ball pythons
  2 frilled lizards
  27 kobolds
  4 rats
184 creatures vanquished.

Vanquished Creatures (collateral kills)
  2 two-headed ogres (D:8)
  3 orc warriors
  A sky beast (D:8)
  A howler monkey (D:7)
  A hound (D:6)
  An orc wizard (D:5)
  An orc (D:8)
10 creatures vanquished.

Vanquished Creatures (others)
  A glowing orange brain (shapeshifter) (D:9)
  A slime creature (D:9)
  2 vampire mosquitoes (D:9)
  4 centaurs
  2 kobold brigands (D:8)
  A bullfrog (D:6)
  2 scorpions
  81 jellies
  2 killer bees (D:9)
  A wight (D:9)
  A howler monkey (D:5)
  2 centaur zombies
  2 hounds (D:5)
  A gnoll shaman (D:6)
  2 howler monkey zombies
  3 gnolls (D:6)
  A howler monkey skeleton (D:7)
  2 adders (D:4)
  A dart slug (D:2)
  7 orcs
  An endoplasm (D:2)
  A giant cockroach (D:4)
  5 goblins
  A hobgoblin (D:4)
  A frilled lizard (D:3)
  8 kobolds
  A bush (D:9)
  9 fungi
  20 plants
166 creatures vanquished.

Grand Total: 360 creatures vanquished

Notes
Turn   | Place    | Note
-------+----------+-------------------------------------------
     0 | D:1      | ChaosChampion the Octopode Transmuter began the quest for
                  | the Orb.
     0 | D:1      | Reached XP level 1. HP: 13/13 MP: 3/3
   305 | D:1      | Reached XP level 2. HP: 14/18 MP: 5/5
   574 | D:1      | Found Xutousat's Antique Weapon Boutique.
   785 | D:1      | Found a faded altar of an unknown god.
   797 | D:1      | Prayed at the altar of an unknown god.
   797 | D:1      | Became a worshipper of Jiyva Joerasor the Shapeless
   797 | D:1      | Reached * piety under Jiyva
   952 | D:1      | Reached XP level 3. HP: 21/23 MP: 6/6
  1469 | D:2      | Reached ** piety under Jiyva
  1679 | D:2      | Reached XP level 4. HP: 28/28 MP: 7/7
  2211 | D:3      | Reached *** piety under Jiyva
  2367 | D:3      | Lost mutation: One of your tentacles bears a large vicious
                  | spike. [Jiyva's grace]
  2367 | D:3      | Gained mutation: You have acidic saliva. [Jiyva's grace]
  2367 | D:3      | Gained mutation: You are covered in slimy tendrils that may
                  | disarm your opponents. [Jiyva's grace]
  2367 | D:3      | Gained mutation: Armour fits poorly on your pseudopods.
                  | [Jiyva's grace]
  2367 | D:3      | Gained mutation: Armour fits poorly on your large
                  | pseudopods. [Jiyva's grace]
  2557 | D:3      | Reached skill level 5 in Unarmed Combat
  2586 | D:3      | Reached XP level 5. HP: 33/33 MP: 8/8
  2669 | D:3      | Reached **** piety under Jiyva
  2900 | D:4      | Noticed Robin
  2943 | D:4      | Killed Robin
  3220 | D:4      | Learned a level 2 spell: Wereblood
  3224 | D:4      | Learned a level 3 spell: Spider Form
  3425 | D:4      | Noticed an ogre
  3435 | D:4      | Killed an ogre
  3436 | D:4      | Reached XP level 6. HP: 19/38 MP: 7/9
  3586 | D:4      | Reached ***** piety under Jiyva
  3830 | D:4      | Gained mutation: Armour fits poorly on your massive
                  | pseudopods. [Jiyva's grace]
  3830 | D:4      | Gained mutation: You are robust. (+10% HP) [Jiyva's grace]
  3830 | D:4      | Gained mutation: You are very robust. (+20% HP) [Jiyva's
                  | grace]
  3830 | D:4      | Gained mutation: You are extremely robust. (+30% HP)
                  | [Jiyva's grace]
  4289 | D:5      | Entered Level 5 of the Dungeon
  4316 | D:5      | Found a staircase to the Ecumenical Temple.
  4353 | D:5      | Noticed an orc warrior
  4369 | D:5      | Killed an orc warrior
  4407 | Temple   | Entered the Ecumenical Temple
  4799 | D:5      | Reached XP level 7. HP: 46/55 MP: 10/10
  5253 | D:6      | Noticed Blork the orc
  5268 | D:6      | Killed Blork the orc
  5377 | D:6      | Reached XP level 8. HP: 48/66 MP: 10/12
  5489 | D:6      | Reached ****** piety under Jiyva
  5572 | D:6      | Lost mutation: Armour fits poorly on your massive
                  | pseudopods. [Jiyva's grace]
  5572 | D:6      | Lost mutation: Armour fits poorly on your large pseudopods.
                  | [Jiyva's grace]
  5572 | D:6      | Gained mutation: Your mind is acute. (Int +2) [Jiyva's
                  | grace]
  5572 | D:6      | Gained mutation: Your mind is very acute. (Int +4) [Jiyva's
                  | grace]
  5572 | D:6      | Gained mutation: You have a small jelly attached to you
                  | that may absorb projectiles. [Jiyva's grace]
  5572 | D:6      | Gained mutation: One of your tentacles bears a spike.
                  | [Jiyva's grace]
  5663 | D:6      | Identified the +8 falchion "Jodoa" {speed, rElec rN+ Int+4
                  | Stlth+}
  5870 | D:7      | Noticed Dowan
  5876 | D:7      | Noticed Duvessa
  5886 | D:7      | Killed Dowan
  5891 | D:7      | Killed Duvessa
  6461 | D:7      | Found a glowing silver altar of Zin.
  6472 | D:7      | Noticed Pikel
  6492 | D:7      | Killed Pikel
  6564 | D:7      | Found a broken altar of Ashenzari.
  6681 | D:7      | Reached XP level 9. HP: 35/75 MP: 15/15
  7325 | D:7      | Found a snail-covered altar of Cheibriados.
  7676 | D:8      | Noticed a two-headed ogre
  7686 | D:8      | Killed a two-headed ogre
  7687 | D:8      | Reached skill level 5 in Dodging
  7687 | D:8      | Reached skill level 5 in Transmutations
  7688 | D:8      | Reached skill level 5 in Fighting
  7849 | D:8      | Reached skill level 5 in Spellcasting
  9462 | D:8      | Noticed a two-headed ogre
  9472 | D:8      | Killed a two-headed ogre
  9473 | D:8      | Reached XP level 10. HP: 66/88 MP: 16/18
  9896 | D:9      | Lost mutation: Your mind is very acute. (Int +4) [Jiyva's
                  | grace]
  9896 | D:9      | Lost mutation: Armour fits poorly on your pseudopods.
                  | [Jiyva's grace]
  9896 | D:9      | Gained mutation: You expend magic power (3 MP) to
                  | strengthen your wands. [Jiyva's grace]
  9896 | D:9      | Gained mutation: Your flesh is cold resistant. (rC+)
                  | [Jiyva's grace]
  9896 | D:9      | Gained mutation: Your flesh is very cold resistant. (rC++)
                  | [Jiyva's grace]
  9896 | D:9      | Gained mutation: Your flesh is almost immune to the effects
                  | of cold. (rC+++) [Jiyva's grace]
  9958 | D:9      | Identified 2 scrolls of acquirement
  9958 | D:9      | Acquired 767 gold pieces
 10186 | D:9      | Found a flagged portal.
 10194 | Bailey   | Entered a bailey
 10196 | Bailey   | Acquired a +6 ring of intelligence
 10220 | Bailey   | Learned a level 4 spell: Ice Form
 10235 | Bailey   | Noticed an orc warlord
 10336 | Bailey   | Found a runed translucent gate.
 10336 | Bailey   | Found a runed translucent gate.
 10336 | Bailey   | Found a runed translucent gate.
 10342 | Bailey   | Noticed an orc knight
 10362 | Bailey   | Slimified an orc knight
 10362 | Bailey   | an orc knight changed into a slime creature
 10709 | Bailey   | Slimified an orc warlord
 10709 | Bailey   | an orc warlord changed into a slime creature
 10825 | D:9      | Noticed a two-headed ogre
 10834 | D:9      | Killed a two-headed ogre
 10836 | D:9      | Found an opulent altar of Gozag.
 10869 | D:9      | Found a runed translucent door.
 10869 | D:9      | Noticed an ogre mage
 10870 | D:9      | Noticed a white ugly thing
 10870 | D:9      | Found a runed translucent door.
 10870 | D:9      | Noticed a sphinx
 10870 | D:9      | Noticed a two-headed ogre
 10871 | D:9      | Noticed a centaur warrior
 10871 | D:9      | Found a runed translucent door.
 10871 | D:9      | Noticed a cyan ugly thing
 10871 | D:9      | Noticed a deep elf pyromancer
 10871 | D:9      | Noticed a centaur warrior
 10900 | D:9      | HP: 5/106 [poisoned by a killer bee]
 10901 | D:9      | HP: 2/106 [poisoned by a killer bee]
 10906 | D:9      | HP: 3/106 [poisoned by a killer bee]
 10943 | D:9      | Found a blossoming altar of Fedhas.
 11071 | D:9      | Noticed a boulder beetle
 11076 | D:9      | Found the +5 scythe "Finisher" {speed, eviscerate}
 11076 | D:9      | Identified the +11 halberd of Doom {spect, Drain rC+
                  | Will++}
 11088 | D:9      | Noticed a deep elf pyromancer
 11088 | D:9      | Noticed a cyan ugly thing
 11108 | D:9      | Killed a deep elf pyromancer
 11119 | D:9      | Slimified a purple ugly thing
 11119 | D:9      | a purple ugly thing changed into a slime creature
 11122 | D:9      | Killed a cyan ugly thing
 11132 | D:9      | Noticed a two-headed ogre
 11145 | D:9      | Killed a two-headed ogre
 11296 | D:9      | Killed a boulder beetle
 11297 | D:9      | Reached XP level 11. HP: 66/97 MP: 18/21
 12936 | D:9      | Killed a glowing orange brain
 14059 | D:9      | Found a hide-covered altar of Uskayaw.
 14060 | D:9      | Found a basalt altar of Yredelemnul.
 14333 | D:10     | Entered Level 10 of the Dungeon
 14341 | D:10     | Found a sacrificial altar of Ru.
 14400 | D:10     | Found a staircase to the Lair.
 14998 | D:10     | Noticed a two-headed ogre
 15007 | D:10     | Killed a two-headed ogre
 15618 | D:11     | Noticed a cyclops
 15664 | D:10     | Found Anlee's Overcharged Wands.
 15934 | D:11     | Noticed Urug
 15942 | D:11     | Noticed a cyclops
 15971 | D:10     | Killed a cyclops
 16095 | D:11     | HP: 4/121 [Urug/javelin (25)]
 16097 | D:11     | Hit by a javelin thrown by Urug

Illustrated notes

Levels and vault maps discovered:
D:1:      dpeg_arrival_rhombi, layout_basic, dreamdust_ecumenical_altar_grove,
          serial_shops, shop, minmay_misc_feat_pillars
D:2:      minmay_spotlight, layout_basic, serial_glass, glass_columns_c,
          glass_columns_a, glass_columns_a, glass_columns_a, glass_columns_b,
          glass_columns_a
D:3:      layout_basic, kennysheep_decorative_pillar
D:4:      layout_basic, uniq_robin
D:5:      layout_basic, minmay_temple_entry_sparse_star, guppyfry_early_orc_mine
D:6:      layout_loops_ring, uniq_blork_the_orc
D:7:      layout_rooms, mainiacjoe_overflow_two_lobes, zin_academy, uniq_pikel,
          uniq_duvessa
D:8:      layout_basic
D:9:      minmay_the_grid_triangle_9x9_recursive_2_mashed
          [minmay_the_grid_triangle_9x9_prize_insulated,
          minmay_the_grid_triangle_9x9_fully_insulated_deathbox,
          minmay_the_grid_triangle_9x9_warning,
          minmay_the_grid_triangle_9x9_flanged_cone], layout_stronghold,
          mainiacjoe_overflow_boulevard, fedhas_altar_4,
          gammafunk_temple_overflow_statue, enter_bailey_2
D:10:     layout_cave_pools, nicolae_overflow_crystal_walls,
          minmay_lair_entry_grove, skrybe_limestone_x,
          nicolae_shop_overcharged_wands
D:11:     layout_rooms, nicolae_shop_firing_range, uniq_urug
Temple:   zaba_magenta_temple

Skill      XL: |  1  2  3  4  5  6  7  8  9 10 11 |
---------------+----------------------------------+-----
Unarmed Combat | 4 5 6 7 8 |  8.0
Fighting       | 2 4 5 7 8 |  8.6
Dodging        | 3 4 6 7 8 |  8.8
Transmutations | 3 4 6 7 8 |  8.7
Spellcasting   | 4 5 7 8 |  8.0
Stealth        | |  0.6

Action                   |  1- 3 |  4- 6 |  7- 9 | 10-12 || total
-------------------------+-------+-------+-------+-------++-------
Melee: Unarmed           |    90 |   109 |   140 |   271 ||   610
       Constrict         |    27 |    25 |    13 |     6 ||    71
       Tentacles         |    14 |    14 |    10 |     5 ||    43
       Kick              |    17 |    14 |    15 |     9 ||    55
       Punch             |     3 |     4 |     3 |     1 ||    11
       Pseudopods        |       |     8 |    14 |       ||    22
       Bite              |       |     7 |     6 |     3 ||    16
 Cast: Beastly Appendage |    14 |    12 |     5 |       ||    31
       Wereblood         |       |     4 |    12 |    13 ||    29
       Spider Form       |       |     1 |     8 |     6 ||    15
       Ice Form          |       |       |       |    13 ||    13
Invok: Oozemancy         |       |       |       |     8 ||     8
       Slimify           |       |       |       |     4 ||     4
  Use: Potion            |       |     1 |       |       ||     1
       Scroll            |       |       |       |    14 ||    14
 Stab: Distracted        |     1 |       |       |       ||     1
       Sleeping          |     4 |     2 |     2 |       ||     8
Armor: Skin              |     3 |    11 |     1 |    54 ||    69
Dodge: Dodged            |    47 |    78 |   115 |   251 ||   491

Table legend: (Time is in decaauts)
 A = Elapsed time spent in this place.
 B = Non-inter-level travel time spent in this place.
 C = Inter-level travel time spent in this place.
 D = Time resting spent in this place.
 E = Time spent auto-exploring this place.
 F = Levels seen in this place.
 G = Mean time per level.
                   A        B        C        D        E       F      G
               +--------+--------+--------+--------+--------+-----+--------+
         Total |  16025 |  15925 |    100 |   7107 |   4821 |  13 | 1232.7 |
       Dungeon |  15427 |  15327 |    100 |   6832 |   4771 |  11 | 1402.5 |
        Temple |     73 |     73 |      0 |      0 |     50 |   1 |   73.0 |
        Bailey |    524 |    524 |      0 |    275 |      0 |   1 |  524.0 |
               +--------+--------+--------+--------+--------+-----+--------+

Top non-repeatable levels by time:
     D:9: 3760 daAuts
     D:8: 2435 daAuts
     D:7: 1743 daAuts
     D:4: 1438 daAuts
     D:1: 1122 daAuts
     D:2: 1065 daAuts
    D:10: 1033 daAuts
     D:5: 886 daAuts
    D:11: 713 daAuts
     D:3: 647 daAuts
     D:6: 579 daAuts
  Bailey: 524 daAuts
  Temple: 73 daAuts
